[Event "Titled Tuesday Blitz October 31 Early 2023"]
[White "Kislinsky, Alexey"]
[Black "Nurmanova, Alua"]
[WhiteFideId "14108801"]
[BlackFideId "13729390"]
[WhiteElo "2734"]
[BlackElo "2648"]
[Result "1-0"]
[Round "10"]
[TimeControl "180+1"]
[Date "2023.10.31"]
[WhiteClock "0:00:11"]
[BlackClock "0:00:24"]
[Board "38"]

1. e4 c5 2. c3 d5 3. exd5 Qxd5 4. d4 Nf6 5. Nf3 Bg4 6. dxc5 Qxc5 7. Be3 Qc7 8. Na3 a6 9. h3 Bh5 10. Nc4 Nbd7 11. a4 e5 12. g4 Bg6 13. g5 Nh5 14. Nh4 Be7 15. Nxg6 hxg6 16. Qd5 O-O 17. O-O-O Nc5 18. Qxe5 Qc6 19. Qxe7 Nb3+ 20. Kc2 Qxh1 21. Kxb3 b5 22. axb5 axb5 23. Na3 b4 24. cxb4 Rfb8 25. Qxf7+ Kh8 26. Qxg6 Qf3 27. Bd3 Qxd1+ 28. Bc2 Qd5+ 29. Nc4 Kg8 30. Qh7+ Kf8 31. Qxh5 Rc8 32. Qh8+ Kf7 33. g6+ Kf6 34. Qh4+ Ke6 35. Qe4+ Qxe4 36. Bxe4 Rab8 37. f4 Rc7 38. f5+ Kd7 39. Bc5 Rbc8 40. Ne5+ Ke8 41. Kc4 Rd8 42. Bc6+ Rxc6 43. Nxc6 Rd1 44. b5 Rc1+ 45. Kb4 Kd7 46. Ne5+ Kc7 47. Nc4 Kb7 48. b3 Rh1 49. Bf8 Rxh3 50. Bxg7 Rf3 51. f6 Rf5 52. f7 1-0


[Site "https://www.chess.com"]

[Event "Titled Tuesday Blitz October 31 Early 2023"]
[White "Prestia, Paris"]
[Black "Csonka, Balazs"]
[WhiteFideId "30925959"]
[BlackFideId "742910"]
[WhiteElo "2626"]
[BlackElo "2730"]
[Result "0-1"]
[Round "10"]
[TimeControl "180+1"]
[Date "2023.10.31"]
[WhiteClock "0:00:07"]
[BlackClock "0:00:06"]
[Board "39"]

1. d4 d5 2. c4 e5 3. dxe5 Ne7 4. Nf3 Nbc6 5. a3 dxc4 6. Qxd8+ Nxd8 7. Nbd2 b5 8. a4 c6 9. g3 Bb7 10. Bg2 a6 11. Nd4 Ne6 12. Nxe6 fxe6 13. Ne4 Nd5 14. O-O h6 15. Rd1 Bb4 16. Bd2 Be7 17. Nd6+ Bxd6 18. exd6 Kd7 19. e4 Nf6 20. Ba5 c5 21. f3 Bc6 22. Bb6 Rhc8 23. axb5 axb5 24. Bxc5 Bxe4 25. fxe4 Rxa1 26. Rxa1 Rxc5 27. Ra7+ Kxd6 28. Rxg7 b4 29. Ra7 c3 30. bxc3 bxc3 31. Ra1 Ke5 32. Kf2 Nxe4+ 33. Ke3 Nd2 34. Rc1 Nb3 35. Rc2 Nd4 36. Rc1 c2 37. Kd3 Rc7 38. Re1+ Kd6 39. Rc1 e5 40. Be4 Ra7 41. Ke3 Ra3+ 42. Kf2 Ra2 43. Ke3 Kc5 44. Bd3 Kb4 45. Bg6 Kc3 46. Be4 Rb2 47. Re1 Ra2 48. Bxc2 Rxc2 49. Ke4 Rxh2 50. Kxe5 Nf3+ 51. Kf4 Nxe1 52. g4 Rg2 53. Kf5 Kd3 54. Kg6 Ke3 55. Kxh6 Kf4 56. Kh7 Rxg4 57. Kh8 Kf5 58. Kh7 Kf6 0-1


[Site "https://www.chess.com"]

[Event "Titled Tuesday Blitz October 31 Early 2023"]
[White "Pinheiro, Iung Alicio de O."]
[Black "Karthik Rajaa"]
[WhiteFideId "2104350"]
[BlackFideId "25035215"]
[WhiteElo "2623"]
[BlackElo "2725"]
[Result "1-0"]
[Round "10"]
[TimeControl "180+1"]
[Date "2023.10.31"]
[WhiteClock "0:00:12"]
[BlackClock "0:00:38"]
[Board "40"]

1. d4 Nf6 2. Nf3 e6 3. Bg5 h6 4. Bh4 c5 5. e3 d5 6. Nbd2 Nc6 7. c3 Qb6 8. Bxf6 gxf6 9. Rb1 Bd7 10. Be2 a5 11. O-O a4 12. e4 Ne7 13. dxc5 Qxc5 14. exd5 Nxd5 15. Ne4 Qe7 16. c4 Nf4 17. c5 Qd8 18. Bc4 Bc6 19. Nd6+ Bxd6 20. cxd6 Rg8 21. g3 Nh3+ 22. Kg2 Ng5 23. Be2 Ra5 24. h4 Ne4 25. Bc4 Rf5 26. Be2 Qxd6 27. Qxd6 Nxd6 28. Rfd1 Ke7 29. Rbc1 Re5 30. Rd2 Nf5 31. Kf1 Ra5 32. Nd4 Nxd4 33. Rxd4 Rd8 34. Rcd1 Rxd4 35. Rxd4 a3 36. b4 Rd5 37. Rc4 Rd2 38. b5 Rxe2 39. bxc6 b5 40. Kxe2 bxc4 41. Kd2 Kd6 42. Kc3 Kxc6 43. Kxc4 f5 44. Kb3 Kc5 45. Kxa3 Kc4 46. Kb2 e5 47. Kc2 Kb4 48. Kd3 Ka3 49. Kc4 Kxa2 50. Kd5 f6 51. Ke6 f4 52. gxf4 exf4 53. Kxf6 Kb3 54. Kf5 Kc2 55. Kxf4 Kd2 56. Ke5 Ke2 57. f4 Kf3 58. f5 Kg4 59. f6 Kxh4 60. f7 Kg3 61. f8=Q h5 62. Qg7+ Kh3 63. Kf4 h4 64. Qg4+ Kh2 65. Qxh4+ Kg2 66. Qe7 Kf1 67. Qa3 Kf2 68. Qb2+ Kg1 69. Kf3 Kh1 70. Qg2# 1-0


[Site "https://www.chess.com"]

[Event "Titled Tuesday Blitz October 31 Early 2023"]
[White "Barrientos, Sergio E"]
[Black "JuniorJumper"]
[WhiteFideId "4401824"]
[WhiteElo "2698"]
[BlackElo "2616"]
[Result "0-1"]
[Round "10"]
[TimeControl "180+1"]
[Date "2023.10.31"]
[WhiteClock "0:01:40"]
[BlackClock "0:01:31"]
[Board "41"]

1. e4 e5 2. Nf3 Nc6 3. Bb5 Nf6 4. d3 Bc5 5. Bxc6 dxc6 6. h3 Bd6 7. Qe2 O-O 8. Nbd2 Be6 9. Nf1 Nd7 10. Ne3 f6 11. Bd2 Qe7 12. Nh4 g6 13. g3 a5 14. Nc4 Bxc4 15. dxc4 a4 16. a3 Nc5 17. Be3 Ne6 18. Nf3 Bc5 19. O-O-O Ra6 20. h4 Bxa3 21. bxa3 Qxa3+ 22. Kb1 c5 0-1


[Site "https://www.chess.com"]

[Event "Titled Tuesday Blitz October 31 Early 2023"]
[White "Harikrishnan.A.Ra"]
[Black "Manukyan, Sargis A."]
[WhiteFideId "5081483"]
[BlackFideId "13303970"]
[WhiteElo "2691"]
[BlackElo "2612"]
[Result "1-0"]
[Round "10"]
[TimeControl "180+1"]
[Date "2023.10.31"]
[WhiteClock "0:01:39"]
[BlackClock "0:01:41"]
[Board "42"]

1. d4 d5 2. Nf3 Nf6 3. c3 Bg4 4. Ne5 Bf5 5. Qb3 Qc8 6. c4 dxc4 7. Qxc4 Nbd7 8. Qxf7+ Kd8 9. Qb3 Nxe5 10. dxe5 Nd7 11. Nc3 Nxe5 12. Qd5+ Qd7 13. Qxe5 e6 14. Bg5+ Kc8 15. Rd1 Bd6 16. Qb5 c6 17. Qb3 e5 18. e4 Bg4 19. Be2 Bxe2 20. Nxe2 Kc7 21. O-O h5 22. Nc3 h4 23. h3 Rh5 24. Be3 b6 25. Qc4 Kb7 26. Rxd6 Qxd6 27. Qf7+ Ka6 28. Qxh5 b5 29. Rd1 Qc7 30. Qg6 b4 31. Nd5 Qb7 32. Nxb4+ Kb5 33. Nxc6 Rf8 34. Rd5+ Kc4 35. Nxe5+ Kb4 36. Bd2+ 1-0


[Site "https://www.chess.com"]

[Event "Titled Tuesday Blitz October 31 Early 2023"]
[White "Leiva, Gianmarco"]
[Black "Omelja, Artem"]
[WhiteFideId "3804399"]
[BlackFideId "14119846"]
[WhiteElo "2685"]
[BlackElo "2584"]
[Result "1-0"]
[Round "10"]
[TimeControl "180+1"]
[Date "2023.10.31"]
[WhiteClock "0:00:24"]
[BlackClock "0:00:09"]
[Board "43"]

1. e4 c5 2. d4 cxd4 3. Qxd4 Nc6 4. Qe3 e5 5. Bc4 Nf6 6. Nc3 Bb4 7. Bd2 d6 8. Nge2 Be6 9. Bb3 O-O 10. O-O-O Bc5 11. Qg3 Kh8 12. Be3 Bxe3+ 13. Qxe3 Qe7 14. f3 Rfd8 15. Rd2 Rd7 16. Rhd1 Bxb3 17. axb3 a6 18. g4 Qe6 19. Nd5 Re8 20. Nb6 Rdd8 21. Nc4 Nd4 22. Nxd4 exd4 23. Rxd4 d5 24. Qd2 Rc8 25. exd5 Qe2 26. Nb6 Rcd8 27. Qxe2 Rxe2 28. d6 Nd7 29. Nxd7 Rxd7 30. Rc4 g5 31. Rc7 Rd8 32. Rxf7 Rxh2 33. d7 Rh6 34. Re7 Rg6 35. Re8+ Rg8 36. Rxd8 Rxd8 37. c4 Kg7 38. Kc2 Kf6 39. Kc3 Ke5 40. b4 Ke6 41. Rd5 h6 42. Kd4 Rxd7 43. Rxd7 Kxd7 44. Kc5 Kc7 45. b5 axb5 46. Kxb5 Kd6 47. Kb6 Ke5 48. c5 Kf4 49. Kxb7 Kxf3 50. c6 Kxg4 51. c7 h5 52. c8=Q+ Kg3 53. Qc3+ Kh4 54. Qe1+ Kh3 55. Qe3+ Kh4 56. Qf2+ Kg4 57. Qg2+ Kf4 58. Qh2+ Kg4 59. Kc6 h4 60. Kd5 h3 61. Ke4 Kh4 62. Kf5 g4 63. Qf2+ Kh5 64. Qf4 Kh4 65. Qxg4# 1-0


[Site "https://www.chess.com"]

[Event "Titled Tuesday Blitz October 31 Early 2023"]
[White "Kleiman, Jake"]
[Black "Demin, Vladimir"]
[WhiteFideId "2020041"]
[BlackFideId "4167457"]
[WhiteElo "2685"]
[BlackElo "2536"]
[Result "0-1"]
[Round "10"]
[TimeControl "180+1"]
[Date "2023.10.31"]
[WhiteClock "0:00:24"]
[BlackClock "0:00:15"]
[Board "44"]

1. e4 e5 2. Nf3 Nc6 3. Bc4 Bc5 4. d3 Nf6 5. c3 a6 6. O-O Ba7 7. Bb3 O-O 8. Nbd2 d5 9. exd5 Nxd5 10. Re1 Re8 11. d4 Nf6 12. Ng5 Rf8 13. dxe5 Ng4 14. Nde4 Qxd1 15. Rxd1 Ngxe5 16. Ng3 h6 17. N5e4 Bg4 18. Rd5 Be6 19. Rd1 Bxb3 20. axb3 f5 21. Nd2 Nd3 22. Rf1 Nce5 23. Nc4 Ng4 24. Be3 Nxe3 25. fxe3 b5 26. Nxf5 bxc4 27. bxc4 Kh7 28. b4 g6 29. Nd4 c5 30. Rxf8 Rxf8 31. Nc6 cxb4 32. cxb4 Bxe3+ 33. Kh1 Nf2+ 34. Kg1 Nd1+ 0-1


[Site "https://www.chess.com"]

[Event "Titled Tuesday Blitz October 31 Early 2023"]
[White "El_Matador12"]
[Black "Zhigalko, Sergei"]
[BlackFideId "13502956"]
[WhiteElo "2548"]
[BlackElo "2921"]
[Result "1/2-1/2"]
[Round "10"]
[TimeControl "180+1"]
[Date "2023.10.31"]
[WhiteClock "0:00:07"]
[BlackClock "0:00:02"]
[Board "45"]

1. d4 Nf6 2. Bg5 d5 3. Bxf6 exf6 4. e3 Bd6 5. g3 O-O 6. Bg2 c6 7. Ne2 Nd7 8. O-O f5 9. b3 Nf6 10. c4 Be6 11. Qd3 Re8 12. Nbc3 Ne4 13. c5 Bc7 14. b4 b5 15. cxb6 axb6 16. a4 Qd6 17. Rfb1 Red8 18. Ra2 g6 19. Rc2 Rac8 20. Qd1 Qe7 21. Qc1 Bd6 22. Nxe4 dxe4 23. Rxc6 Bxb4 24. Nf4 Bd2 25. Qc2 Rxc6 26. Qxc6 Ba5 27. Nxe6 Qxe6 28. Rc1 Kg7 29. Bf1 h5 30. Bb5 Rd6 31. Qc8 Qe7 32. Rc7 Qd8 33. Qb7 Rf6 34. Bc4 Qe8 35. Re7 Qf8 36. d5 h4 37. d6 Bb4 38. Rd7 Bxd6 39. Kg2 hxg3 40. hxg3 Bc5 41. Qd5 Bb4 42. Qb7 Qe8 43. Qd5 Bf8 44. Qb7 Bc5 45. Bb5 Qf8 46. Bc4 g5 47. Bb5 Kg6 48. Bc4 Qe8 49. g4 fxg4 50. Bd5 Kg7 51. Bxe4 g3 52. Kxg3 Qe5+ 53. Kg2 Qe6 54. Bd5 Qg4+ 55. Kf1 Qd1+ 56. Kg2 Qg4+ 57. Kf1 Qf5 58. f3 Qd3+ 59. Kg2 Qe2+ 60. Kg3 Qe1+ 61. Kg2 Qd2+ 62. Kg3 Qe1+ 63. Kg2 Qe2+ 64. Kg3 Bd6+ 65. Rxd6 Qe1+ 66. Kg2 Qe2+ 67. Kg3 Qe1+ 68. Kg2 Qe2+ 69. Kg3 1/2-1/2


[Site "https://www.chess.com"]

[Event "Titled Tuesday Blitz October 31 Early 2023"]
[White "brm72"]
[Black "Hayrapetyan, Hovik"]
[BlackFideId "13302639"]
[WhiteElo "2581"]
[BlackElo "2768"]
[Result "0-1"]
[Round "10"]
[TimeControl "180+1"]
[Date "2023.10.31"]
[WhiteClock "0:00:09"]
[BlackClock "0:00:53"]
[Board "46"]

1. e4 c5 2. Nf3 d6 3. d4 cxd4 4. Nxd4 Nf6 5. Nc3 a6 6. Be2 e5 7. Nb3 Be7 8. O-O O-O 9. Re1 Be6 10. Bf3 Nbd7 11. a4 Qc7 12. a5 Rfb8 13. Be3 b5 14. axb6 Nxb6 15. Nd2 Nc4 16. Nxc4 Qxc4 17. Bc1 a5 18. Re3 a4 19. Be2 Qc5 20. Rg3 a3 21. Rxa3 Rxa3 22. bxa3 h5 23. a4 h4 24. Re3 h3 25. g3 Bd8 26. Nb5 Bb6 27. Ba3 Qc6 28. Rd3 Nxe4 29. Bf3 Bxf2+ 30. Kh1 Bg4 31. Qe2 Bxf3+ 32. Qxf3 Qxc2 33. Rd1 Qxa4 34. Nxd6 Nxd6 35. Bxd6 e4 36. Qe2 Rb2 37. Qh5 e3 38. Ba3 Qe4+ 0-1


[Site "https://www.chess.com"]

[Event "Titled Tuesday Blitz October 31 Early 2023"]
[White "Herzog2012"]
[Black "NovozhilovSemen"]
[WhiteElo "2574"]
[BlackElo "2731"]
[Result "1-0"]
[Round "10"]
[TimeControl "180+1"]
[Date "2023.10.31"]
[WhiteClock "0:00:05"]
[BlackClock "0:00:08"]
[Board "47"]

1. e4 c5 2. Nf3 Nc6 3. Nc3 d6 4. d4 cxd4 5. Nxd4 Nf6 6. Bg5 e6 7. Qd2 a6 8. O-O-O Bd7 9. f4 b5 10. Bxf6 gxf6 11. Kb1 Qb6 12. Nxc6 Bxc6 13. f5 O-O-O 14. Bd3 h5 15. Ne2 Bh6 16. Qc3 e5 17. Qb3 d5 18. Nc3 d4 19. Nd5 Bxd5 20. exd5 Qc5 21. Be4 Kd7 22. Rhf1 Kd6 23. Rf3 a5 24. a4 Rb8 25. Qa3 bxa4 26. Qxa4 Rb6 27. Rb3 Rhb8 28. Rxb6+ Qxb6 29. Qa3+ Qb4 30. Rd3 Qxa3 31. Rxa3 Bd2 32. Ka2 Rg8 33. Rb3 Bb4 34. c3 dxc3 35. bxc3 Bc5 36. h3 Rg3 37. c4 Rg8 38. Rb5 a4 39. Ra5 Rg3 40. Rxa4 Re3 41. Ra6+ Ke7 42. Bc2 Rc3 43. Bb3 e4 44. Rc6 Bd4 45. d6+ Kd7 46. Ba4 Rc1 47. c5 Rc4 48. Rc7+ Kd8 49. Rd7+ Kc8 50. Rc7+ Kb8 51. Bc6 Rxc5 52. Rb7+ Kc8 53. d7+ Kd8 54. Rb8+ Kc7 55. d8=Q+ Kxc6 56. Rb6# 1-0


[Site "https://www.chess.com"]

[Event "Titled Tuesday Blitz October 31 Early 2023"]
[White "Costachi, Mihnea"]
[Black "Andreev, Konstantin"]
[WhiteFideId "1217518"]
[BlackFideId "24239305"]
[WhiteElo "2730"]
[BlackElo "2562"]
[Result "1-0"]
[Round "10"]
[TimeControl "180+1"]
[Date "2023.10.31"]
[WhiteClock "0:02:09"]
[BlackClock "0:00:37"]
[Board "48"]

1. Nc3 d5 2. d4 Nf6 3. Bf4 a6 4. e3 c5 5. Nf3 e6 6. Be2 Nc6 7. O-O b5 8. Ne5 Bb7 9. Bf3 b4 10. Na4 c4 11. c3 a5 12. b3 cxb3 13. Qxb3 Bd6 14. c4 O-O 15. cxd5 exd5 16. Rfc1 Bxe5 17. dxe5 Ne4 18. Bxe4 dxe4 19. Nc5 Qb6 20. Nd7 Qb5 21. Rc5 Qa6 22. Nxf8 Rxf8 23. e6 fxe6 24. Qxe6+ Kh8 25. Rac1 Rc8 26. Qxc8+ Bxc8 27. Rxc6 1-0


[Site "https://www.chess.com"]

[Event "Titled Tuesday Blitz October 31 Early 2023"]
[White "Weetik, Vjacheslav"]
[Black "Kiremitciyan, Ari"]
[WhiteFideId "4153472"]
[BlackFideId "6373445"]
[WhiteElo "2725"]
[BlackElo "2568"]
[Result "1-0"]
[Round "10"]
[TimeControl "180+1"]
[Date "2023.10.31"]
[WhiteClock "0:01:17"]
[BlackClock "0:00:00"]
[Board "49"]

1. e4 g6 2. d4 Bg7 3. Nf3 d6 4. Bc4 e6 5. O-O Ne7 6. Re1 d5 7. Bd3 dxe4 8. Bxe4 O-O 9. c3 Nd7 10. Qe2 Nf6 11. Bc2 b6 12. a4 a5 13. Na3 Bb7 14. Nb5 Nf5 15. h3 Nd6 16. Bf4 Nxb5 17. axb5 c6 18. bxc6 Bxc6 19. Ne5 Bb7 20. Bg5 Qc7 21. Bh4 Nd5 22. Bg3 Qe7 23. Bb3 Rfd8 24. Qb5 Ba6 25. Qa4 Bb7 26. Nc6 Bxc6 27. Qxc6 Rac8 28. Qb5 Qd7 29. Qe2 Ra8 30. Ba4 Qb7 31. Bb5 Nc7 32. Bd3 a4 33. Be4 Qa7 34. Bxa8 Nxa8 35. Qc4 Qb7 36. Qxa4 b5 37. Qa6 Qd5 38. Ra5 1-0


[Site "https://www.chess.com"]

[Event "Titled Tuesday Blitz October 31 Early 2023"]
[White "NovoselovRoman"]
[Black "Hua, Lefong"]
[BlackFideId "2602253"]
[WhiteElo "2548"]
[BlackElo "2716"]
[Result "1-0"]
[Round "10"]
[TimeControl "180+1"]
[Date "2023.10.31"]
[WhiteClock "0:01:44"]
[BlackClock "0:01:39"]
[Board "50"]

1. d4 Nf6 2. c4 c5 3. e3 g6 4. Nc3 Bg7 5. Nf3 O-O 6. Be2 cxd4 7. exd4 d5 8. c5 Nc6 9. Bf4 Ne4 10. O-O Bg4 11. Be3 Be6 12. Nxe4 dxe4 13. Ng5 Nxd4 14. Bxd4 Qxd4 15. Nxe6 fxe6 16. Qb3 Qxb2 17. Qxe6+ Kh8 18. Qxe4 Qxa1 19. Rxa1 Bxa1 20. h4 e5 21. h5 Bd4 22. Bf3 gxh5 23. Qxb7 Bxc5 24. Be4 Bxf2+ 25. Kh1 1-0


[Site "https://www.chess.com"]

[Event "Titled Tuesday Blitz October 31 Early 2023"]
[White "djokovic74"]
[Black "Alinasab, Mobina"]
[BlackFideId "12528897"]
[WhiteElo "2712"]
[BlackElo "2533"]
[Result "1/2-1/2"]
[Round "10"]
[TimeControl "180+1"]
[Date "2023.10.31"]
[WhiteClock "0:00:24"]
[BlackClock "0:00:25"]
[Board "51"]

1. e4 c5 2. Nf3 d6 3. d4 cxd4 4. Nxd4 Nf6 5. Nc3 a6 6. Be2 e5 7. Nb3 Be7 8. O-O O-O 9. Kh1 Be6 10. f4 exf4 11. Bxf4 Nc6 12. Qe1 Ne5 13. Rd1 Qc7 14. Qg3 Ng6 15. Be3 b5 16. a3 Qb7 17. Bd3 Kh8 18. Nd4 Ne5 19. Nf5 Bxf5 20. exf5 b4 21. Ne2 bxa3 22. bxa3 a5 23. Nd4 Rfc8 24. Rb1 Qc7 25. Bg5 Rab8 26. h3 h6 27. Bd2 a4 28. Qf2 Rxb1 29. Rxb1 Rb8 30. Qf1 Rxb1 31. Qxb1 Qc5 32. Qb4 Qxb4 33. Bxb4 Nd5 34. Bd2 Nxd3 35. cxd3 Bf6 36. Nb5 Bb2 37. g4 Kg8 38. Kg2 Kf8 39. Kf3 Ke7 40. Ke4 Nf6+ 41. Kf3 Nd5 42. Ke4 Nf6+ 43. Kf3 Nd5 1/2-1/2


[Site "https://www.chess.com"]

[Event "Titled Tuesday Blitz October 31 Early 2023"]
[White "Bazilius, Augustinas"]
[Black "Kosteniuk, Alexandra"]
[WhiteFideId "12832251"]
[BlackFideId "4128125"]
[WhiteElo "2523"]
[BlackElo "2711"]
[Result "1-0"]
[Round "10"]
[TimeControl "180+1"]
[Date "2023.10.31"]
[WhiteClock "0:00:33"]
[BlackClock "0:00:01"]
[Board "52"]

1. d4 Nf6 2. c4 g6 3. Nc3 Bg7 4. e4 d6 5. h3 a5 6. g4 h5 7. g5 Nfd7 8. f4 f6 9. Bd3 fxg5 10. e5 Nf8 11. Qc2 dxe5 12. Bxg6+ Nxg6 13. Qxg6+ Kf8 14. fxe5 Ra6 15. Qxg5 Bh6 16. Qh4 Bxc1 17. Rxc1 Rg6 18. Nge2 Nc6 19. d5 Nxe5 20. Qe4 Qd6 21. Nf4 Rf6 22. Rf1 Rg8 23. c5 Qxc5 24. Qxe5 Rg1 25. Rxg1 Qxg1+ 26. Kd2 Qh2+ 27. Nce2 Bxh3 28. Ng6+ Rxg6 29. Qxh2 1-0


[Site "https://www.chess.com"]

[Event "Titled Tuesday Blitz October 31 Early 2023"]
[White "Purtseladze, Maka"]
[Black "Halkias, Stelios"]
[WhiteFideId "13602659"]
[BlackFideId "4201809"]
[WhiteElo "2522"]
[BlackElo "2706"]
[Result "0-1"]
[Round "10"]
[TimeControl "180+1"]
[Date "2023.10.31"]
[WhiteClock "0:00:00"]
[BlackClock "0:00:41"]
[Board "53"]

1. d4 Nf6 2. Nc3 d5 3. Bf4 c6 4. e3 Bf5 5. h3 Nbd7 6. g4 Bg6 7. h4 h5 8. g5 Ne4 9. Nxe4 Bxe4 10. f3 Bg6 11. c3 a5 12. Bd3 Bxd3 13. Qxd3 g6 14. Ne2 Qb6 15. b3 Bg7 16. Bg3 e5 17. f4 e4 18. Qd2 f5 19. gxf6 Nxf6 20. f5 gxf5 21. Be5 O-O 22. Bxf6 Rxf6 23. Nf4 Bh6 24. Nxh5 Rg6 25. O-O-O Kh7 26. Rdg1 c5 27. Kb2 c4 28. Qf2 Rf8 29. Rxg6 Qxg6 30. Nf4 Bxf4 31. Qxf4 Qg2+ 32. Ka3 Qxh1 33. Qc7+ Kh8 34. Qe5+ Kg8 35. Qe6+ Rf7 36. Qg6+ Kf8 37. Qd6+ Kg7 38. Qg3+ Kh7 39. Qg5 Qc1+ 40. Ka4 Qxc3 41. Qh5+ Kg8 42. Qg6+ Kf8 43. Qh6+ Ke7 44. Qg5+ Kd7 0-1


[Site "https://www.chess.com"]

[Event "Titled Tuesday Blitz October 31 Early 2023"]
[White "Tikhonov, Viacheslav"]
[Black "Ovetchkin, Roman"]
[WhiteFideId "44196407"]
[BlackFideId "4119991"]
[WhiteElo "2509"]
[BlackElo "2689"]
[Result "0-1"]
[Round "10"]
[TimeControl "180+1"]
[Date "2023.10.31"]
[WhiteClock "0:00:00"]
[BlackClock "0:00:22"]
[Board "54"]

1. e4 c6 2. d4 d5 3. Nc3 dxe4 4. Nxe4 Nf6 5. Nxf6+ exf6 6. Bc4 Bd6 7. Qe2+ Kf8 8. Be3 h5 9. Nf3 Na6 10. c3 Nc7 11. Qd2 Bg4 12. O-O-O b5 13. Bd3 Nd5 14. h3 Be6 15. Kb1 Rb8 16. Rhe1 b4 17. c4 Nc3+ 18. Ka1 Nxa2 19. Kxa2 b3+ 20. Kb1 Bb4 21. Qe2 Qa5 22. Nd2 Bc3 23. Ne4 Bxe1 24. Qxe1 Qa2+ 25. Kc1 Bf5 26. f3 h4 27. Bb1 Qa6 28. Qc3 Be6 29. Bf4 Rd8 30. Nc5 Qxc4 31. Qxc4 Bxc4 32. Bd3 Bd5 33. Be4 g5 34. Be3 Kg7 35. Bxd5 cxd5 36. Rd3 Rhe8 37. Rxb3 Re7 38. Kd2 Rde8 39. Rc3 Kg6 40. b4 f5 41. Nd3 f4 42. Ne5+ Kf5 43. Bg1 f6 0-1


[Site "https://www.chess.com"]

[Event "Titled Tuesday Blitz October 31 Early 2023"]
[White "Avazkhonov, Alikhon"]
[Black "Rosen, Eric"]
[WhiteFideId "14208504"]
[BlackFideId "2032562"]
[WhiteElo "2508"]
[BlackElo "2679"]
[Result "1-0"]
[Round "10"]
[TimeControl "180+1"]
[Date "2023.10.31"]
[WhiteClock "0:01:13"]
[BlackClock "0:00:00"]
[Board "55"]

1. d4 d5 2. c4 e6 3. Nc3 Nf6 4. cxd5 exd5 5. Bg5 c6 6. e3 Bd6 7. Bd3 h6 8. Bh4 O-O 9. Qc2 Re8 10. Nf3 Be6 11. O-O Nbd7 12. Rab1 a5 13. a3 Rc8 14. b4 axb4 15. axb4 b5 16. Rfc1 Nb6 17. Ne5 Nc4 18. Bxc4 bxc4 19. Qa4 g5 20. Bg3 Qc7 21. b5 Ra8 22. Qc2 c5 23. b6 Qb8 24. Nb5 cxd4 25. exd4 Ne4 26. b7 Ra6 27. Nxd6 Rxd6 28. Nxc4 dxc4 29. Qxe4 Bd7 30. Bxd6 Qxd6 31. Qxe8+ Bxe8 32. b8=Q Qf8 33. Re1 Ba4 34. Qxf8+ Kxf8 35. d5 1-0


[Site "https://www.chess.com"]

[Event "Titled Tuesday Blitz October 31 Early 2023"]
[White "LouieKov2022"]
[Black "Yen, William"]
[BlackFideId "30932025"]
[WhiteElo "2493"]
[BlackElo "2672"]
[Result "0-1"]
[Round "10"]
[TimeControl "180+1"]
[Date "2023.10.31"]
[WhiteClock "0:00:14"]
[BlackClock "0:00:14"]
[Board "56"]

1. e4 c5 2. Nf3 d6 3. d4 cxd4 4. Nxd4 Nf6 5. Nc3 a6 6. f3 e5 7. Nb3 Be6 8. Be3 Be7 9. Qd2 h5 10. O-O-O Nbd7 11. Kb1 b5 12. Nd5 Bxd5 13. exd5 Nb6 14. Bxb6 Qxb6 15. Na5 Bd8 16. Nc6 O-O 17. c4 bxc4 18. Bxc4 g6 19. Rc1 a5 20. Rc3 a4 21. Ra3 Kg7 22. Rc1 Nd7 23. Qb4 Nc5 24. Bb5 Bg5 25. Rc4 Rfb8 26. Bxa4 Qxb4 27. Nxb4 Nxa4 28. Nc6 Rxb2+ 29. Ka1 Rxg2 30. Raxa4 Rxa4 31. Rxa4 Rxh2 32. Rc4 h4 33. a4 h3 34. a5 Rg2 35. a6 h2 0-1


[Site "https://www.chess.com"]

[Event "Titled Tuesday Blitz October 31 Early 2023"]
[White "Ozates, Tuna"]
[Black "FoxOnTheRun97"]
[WhiteFideId "6354521"]
[WhiteElo "2671"]
[BlackElo "2607"]
[Result "1-0"]
[Round "10"]
[TimeControl "180+1"]
[Date "2023.10.31"]
[WhiteClock "0:00:38"]
[BlackClock "0:00:00"]
[Board "57"]

1. c4 Nf6 2. Nc3 e6 3. d4 Bb4 4. g3 O-O 5. Bg2 c5 6. d5 exd5 7. cxd5 d6 8. Nf3 Bf5 9. O-O Bxc3 10. bxc3 Be4 11. c4 b5 12. Nd2 Bxg2 13. Kxg2 a6 14. f3 Nbd7 15. e4 Ne5 16. Qe2 Re8 17. Bb2 Rb8 18. a4 Nxc4 19. Nxc4 bxc4 20. Bc3 Nd7 21. Qxc4 Ne5 22. Bxe5 Rxe5 23. Rfb1 Re8 24. Qxa6 Qf6 25. Qe2 Qd4 26. Qc2 g5 27. h3 h5 28. Qc1 f6 29. a5 g4 30. hxg4 hxg4 31. Rxb8 gxf3+ 32. Kh3 Rxb8 33. Rb1 Ra8 34. Qf4 Qe5 35. Qxf3 Qg5 36. Ra1 Kg7 37. Kg2 Rh8 38. Qe2 Qe5 39. Qg4+ Kf7 40. Rb1 1-0


[Site "https://www.chess.com"]

[Event "Titled Tuesday Blitz October 31 Early 2023"]
[White "Xtrmntr78"]
[Black "Liu, Casper"]
[BlackFideId "1454153"]
[WhiteElo "2658"]
[BlackElo "2459"]
[Result "1-0"]
[Round "10"]
[TimeControl "180+1"]
[Date "2023.10.31"]
[WhiteClock "0:00:21"]
[BlackClock "0:00:00"]
[Board "58"]

1. c4 Nf6 2. Nc3 g6 3. e4 Bg7 4. e5 Ng8 5. d4 d6 6. exd6 exd6 7. Nf3 Nf6 8. Be2 O-O 9. O-O Re8 10. h3 Nc6 11. Be3 Bf5 12. Re1 Ne4 13. Rc1 Nxc3 14. Rxc3 Be4 15. Rb3 Rb8 16. Ng5 Bf5 17. d5 Na5 18. Rb5 Rxe3 19. fxe3 Qxg5 20. Rxa5 Qxe3+ 21. Kh1 Be5 22. Bf3 Qf4 23. Rxe5 Qxe5 24. Rxa7 Qxb2 25. Qe1 Kf8 26. Qa5 Qa1+ 27. Kh2 Qe5+ 28. Kh1 Qg3 29. Ra8 Rxa8 30. Qxa8+ Kg7 31. Qxb7 Bxh3 32. Qxc7 Bf5 33. Qe7 h5 34. c5 dxc5 35. d6 c4 36. d7 Bxd7 37. Qxd7 Qe1+ 38. Kh2 Qe5+ 39. g3 h4 40. Qg4 Qb2+ 41. Kh3 c3 42. Qd4+ Kg8 43. gxh4 Qb8 44. Qxc3 Qf4 45. Qd3 Qa4 46. Bd5 Kg7 47. Qc3+ Kh7 48. Qf3 Kg7 49. Qxf7+ 1-0


[Site "https://www.chess.com"]

[Event "Titled Tuesday Blitz October 31 Early 2023"]
[White "MMAHDI2013"]
[Black "Volkov, Maksim"]
[BlackFideId "54123070"]
[WhiteElo "2462"]
[BlackElo "2645"]
[Result "1-0"]
[Round "10"]
[TimeControl "180+1"]
[Date "2023.10.31"]
[WhiteClock "0:00:09"]
[BlackClock "0:00:09"]
[Board "59"]

1. c4 e6 2. Nf3 d5 3. g3 Nf6 4. Bg2 dxc4 5. Qa4+ Nbd7 6. O-O a6 7. Qxc4 b5 8. Qc2 Bb7 9. d3 c5 10. b3 Bd6 11. Bb2 O-O 12. e4 Qc7 13. Nbd2 e5 14. Nh4 g6 15. h3 Nb8 16. f4 Nfd7 17. f5 Nc6 18. g4 Nd4 19. Qd1 Rad8 20. Ndf3 Be7 21. Qd2 Nb8 22. Qh6 Nxf3+ 23. Nxf3 Nc6 24. g5 Rfe8 25. Rad1 Bf8 26. Qh4 Nd4 27. Bxd4 exd4 28. Rfe1 c4 29. bxc4 bxc4 30. Nh2 gxf5 31. exf5 Bxg2 32. Ng4 Bg7 33. f6 Bf3 34. Rxe8+ Rxe8 35. fxg7 Bxg4 36. Qxg4 c3 37. Rc1 Qe5 38. Kh1 Qe3 39. Rf1 Kxg7 40. Qf5 Re7 41. Qf6+ Kg8 42. Qf5 c2 43. Qc8+ Kg7 44. Qxc2 Qxh3+ 45. Kg1 Re3 46. Rxf7+ Kxf7 47. Qc7+ Kg6 48. Qd6+ Qe6 49. Qxd4 Qg4+ 50. Qxg4 Re5 51. Qd4 Rf5 52. Qd6+ Kxg5 53. Qxa6 Kf4 54. a4 Ke3 55. Qe6+ Kf4 56. a5 Rg5+ 57. Kf1 Rxa5 58. Qd6+ Kf5 59. Qd7+ Kg6 60. Qe6+ Kg7 61. Qe7+ Kg6 62. Qd6+ Kf5 63. Qd7+ Kg6 64. d4 Rf5+ 65. Ke2 h5 66. Kd3 Kf6 67. Qd8+ Ke6 68. Qh8 Rg5 69. Qh6+ Kf5 70. d5 Kg4 71. d6 Rd5+ 72. Ke4 Rd1 73. Qg6+ Kh4 74. Qf6+ Kg4 75. d7 Re1+ 76. Kd3 Rd1+ 77. Ke2 Rxd7 78. Qe6+ Kh4 79. Qxd7 1-0


[Site "https://www.chess.com"]